 Dungeon Crawl Stone Soup version 0.31-a0-1606-g60c5cc7444 (webtiles) character file.

Game seed: 7227679450043106425

20 Malachi the Ducker (level 2, 0/23 HPs)
             Began as a Demonspawn Gladiator on Jan 8, 2024.
             Slain by an adder (2 damage)
             ... on level 1 of the Dungeon.
             The game lasted 00:01:23 (1036 turns).

Malachi the Ducker (Demonspawn Gladiator)           Turns: 1036, Time: 00:01:24

Health: 0/23       AC:  4    Str: 12 (14) XL:     2   Next: 58%
Magic:  2/2        EV: 12    Int:  5 (8)  God:
Gold:   82         SH:  0    Dex: 14 (16) Spells: 1/1 levels left

rFire   . . .        j - +0 dagger
rCold   . . .        (no shield)
rNeg    . . .        b - +0 leather armour
rPois   .            c - +0 helmet
rElec   .            (no cloak)
rCorr   .            (no gloves)
SInv    .            (no boots)
Will    .....        (no amulet)
Stlth   ++           (no ring)
HPRegen 0.23/turn    (no ring)
MPRegen 0.08/turn

%: no passive effects
@: lethally poisoned (0 -> -4)
A: thin skeletal structure 1
a: no special abilities


You were on level 1 of the Dungeon.
You visited 1 branch of the dungeon, and saw 2 of its levels.

You collected 82 gold pieces.

Inventory:

Hand Weapons
 a - a +0 trident
 j - a +0 dagger (weapon)
Missiles
 e - a javelin
Armour
 b - a +0 leather armour (worn)
 c - a +0 helmet (worn)
Jewellery
 m - a +5 ring of evasion
Scrolls
 f - a scroll of enchant armour {unknown}
 g - a scroll of identify {unknown}
 h - a scroll of fear {unknown}
 k - a scroll of teleportation {unknown}


   Skills:
 + Level 2.3 Fighting
 * Level 0.4 Short Blades
 - Level 2.8 Polearms
 - Level 2.0 Throwing
 + Level 2.9 Dodging
 + Level 0.2 Stealth


You had one spell level left.
You didn't know any spells.
Your spell library was empty.

Dungeon Overview and Level Annotations

Branches:
Dungeon (2/15)

Altars:


Innate Abilities, Weirdness & Mutations

You have a somewhat thin skeletal structure. (Dex +2, Stealth+)


Message History

The adder bites you.
Throw: throwing net
Press: ? - help, Q - select action, (/) - cycle Shift-Dir - straight line, f/p - adder
Aim: an adder (40% to hit)
You throw a throwing net.
The throwing net barely misses the adder.
The adder barely misses you.
You hit the adder.
The adder is lightly wounded.
The adder misses you.
You closely miss the adder.
The adder is lightly wounded.
The adder barely misses you.
You miss the adder.
The adder is lightly wounded.
The adder bites you.
You are poisoned.
The adder poisons you! The adder bites you.
You are lethally poisoned!
The adder poisons you!
You hit the adder.
The adder is heavily wounded.
* * * LOW HITPOINT WARNING * * *
You feel very sick. The adder barely misses you.
You miss the adder.
The adder is heavily wounded.
* * * LOW HITPOINT WARNING * * *
You feel sick. The adder bites you but does no damage.
You miss the adder.
The adder is heavily wounded.
* * * LOW HITPOINT WARNING * * *
You feel sick. The adder bites you but does no damage. The adder misses you.
Unknown command.
It was a potion of degeneration.
There was something very wrong with that liquid.
You feel weakened.
You feel dopey.
You feel clumsy.
* * * LOW HITPOINT WARNING * * *
You feel sick. The adder bites you.
You die...

.# ##...## ##...#.# ###. .#
##.....## ##.##.# ##.#. .#
##.......## ##.#.# ##....
.###.........####....#######.....
...'.........'..(................
####.........###.>...#.###.###...
# ##.......## #.#..#.## #.# #.#.
##.....## #S###.## #.###.##
##...## #@# ### #.##..# ##'## #.#
#.##.## #.# #.# #.##.# ####.###
#.# #.##.### #......# #.#
#....... #.#....# #.# #......#
#####......# #.# #.##.#.#
...##.#....#####.# #.##....
##...............# #.####.#


You could see an adder.

Vanquished Creatures
  A ball python (D:1)
  3 bats (D:1)
  6 endoplasms
  A goblin (D:1)
  2 hobgoblins (D:1)
  A kobold (D:1)
  3 rats
17 creatures vanquished.

Notes
Turn   | Place    | Note
-------+----------+-------------------------------------------
     0 | D:1      | Malachi the Demonspawn Gladiator began the quest for the
                  | Orb.
     0 | D:1      | Reached XP level 1. HP: 16/16 MP: 1/1
   235 | D:1      | Gained mutation: You have a somewhat thin skeletal
                  | structure. (Dex +2, Stealth+) [demonic ancestry]
   235 | D:1      | Reached XP level 2. HP: 22/22 MP: 2/2
  1036 | D:1      | Slain by an adder

Illustrated notes

Levels and vault maps discovered:
D:1:      psy_arrival_fountain, layout_loops_corners
D:2:      layout_loops_ring, nicolae_ecumenical_lake_church

Skill      XL: |  1 |
---------------+----+-----
Throwing       | 2 |  2.0
Fighting       | |  2.3
Short Blades   | |  0.4
Polearms       | |  2.8
Dodging        | |  2.9
Stealth        | |  0.2

Action                     || total
---------------------------++-------
  Melee: Trident           ||    27
         Dagger            ||    56
  Throw: Throwing net      ||     3
    Use: Potion            ||     2
   Stab: Sleeping          ||     5
 Armour: Leather armour    ||    46
  Dodge: Dodged            ||    61

Table legend: (Time is in decaauts)
 A = Elapsed time spent in this place.
 B = Non-inter-level travel time spent in this place.
 C = Inter-level travel time spent in this place.
 D = Time resting spent in this place.
 E = Time spent auto-exploring this place.
 F = Levels seen in this place.
 G = Mean time per level.
                   A        B        C        D        E       F      G
               +--------+--------+--------+--------+--------+-----+--------+
         Total |   1039 |    959 |     80 |      0 |    781 |   2 |  519.5 |
       Dungeon |   1039 |    959 |     80 |      0 |    781 |   2 |  519.5 |
               +--------+--------+--------+--------+--------+-----+--------+

Top non-repeatable levels by time:
     D:1: 1026 daAuts
     D:2: 13 daAuts
